 Dungeon Crawl Stone Soup version 0.30-a0-1114-gd936c97349 (webtiles) character file.

Game seed: 18170937902369487629

11271 Essalna the Destroyer (level 11, -2/71 HPs)
             Began as a Tengu Fire Elementalist on Apr 21, 2023.
             Was a High Priest of Vehumet.
             Slain by a sixfirhy (11 damage)
             ... summoned by an orc sorcerer
             ... led by an orc knight
             ... on level 2 of the Orcish Mines.
             The game lasted 00:28:23 (13861 turns).

Essalna the Destroyer (Tengu Fire Elementalist)    Turns: 13861, Time: 00:28:24

Health: -2/71      AC:  5    Str:  8    XL:     11   Next: 75%
Magic:  3/18       EV: 17    Int: 21    God:    Vehumet [*****.]
Gold:   1076       SH:  0    Dex: 14    Spells: 6/18 levels left

rFire   . . .      SeeInvis .    s - +2 whip (venom)
rCold   . . .      Faith    .    (no shield)
rNeg    . . .      Spirit   .    y - +2 robe {Archmagi}
rPois   .          Reflect  .    (helmet restricted)
rElec   .          Rampage  .    (no cloak)
rCorr   +          Archmagi +    m - +0 pair of gloves
Will    .....                    (boots unavailable)
Stlth   ++                       (no amulet)
HPRegen 0.31/turn                d - ring of resist corrosion
MPRegen 0.16/turn                (no ring)

@: flying quickly and evasively, quick
A: beak, talons 3, nimble flight
a: Renounce Religion


You were on level 2 of the Orcish Mines.
You worshipped Vehumet.
Vehumet was extremely pleased with you.
You visited 2 branches of the dungeon, and saw 12 of its levels.

You collected 1076 gold pieces.

Inventory:

Hand Weapons
 b - a +0 dagger of venom
 c - a +0 morningstar
 s - a +2 whip of venom (weapon)
 u - a +2 hand axe of electrocution
Armour
 a - a +1 robe
 m - a +0 pair of gloves (worn)
 x - +0 steam dragon scales
 y - a +2 robe of the Archmagi (worn)
Jewellery
 d - a ring of resist corrosion (left hand)
 w - a ring of positive energy
Wands
 e - a wand of mindburst (14)
 n - a wand of paralysis (16)
 p - a wand of quicksilver (3)
 t - a wand of flame (9)
Scrolls
 g - 2 scrolls of teleportation
 h - a scroll of enchant weapon
 j - a scroll of blinking
 l - 2 scrolls of immolation
 o - 5 scrolls of identify
 v - a scroll of magic mapping
 D - a scroll of enchant armour
Potions
 f - 4 potions of curing
 i - a potion of flight
 k - a potion of brilliance
 q - a potion of heal wounds
 r - a potion of mutation
 z - 2 potions of attraction
 B - 4 potions of haste


   Skills:
 + Level 9.6 Fighting
 + Level 4.9 Armour
 + Level 5.6 Dodging
 - Level 2.0 Stealth
 + Level 4.4 Spellcasting
 + Level 12.4 Conjurations
 + Level 11.0 Fire Magic


You had 6 spell levels left.
You knew the following spells:

 Your Spells              Type           Power      Damage    Failure   Level
a - Foxfire               Conj/Fire      100%       2x1d9     1%          1
b - Scorch                Fire           100%       2d9       1%          2
c - Flame Wave            Conj/Fire      69%        2d16      1%          4
d - Fireball              Conj/Fire      34%        3d14      1%          5

Your spell library contained the following spells:

 Spells                   Type           Power      Damage    Failure   Level
 Dazzling Flash           Conj/Hex       92%        N/A       1%          3
 Inner Flame              Hex/Fire       41%        N/A       1%          3
 Mephitic Cloud           Conj/Pois/Air  33%        N/A       1%          3
 Volatile Blastmotes      Fire/Tloc      82%        2d16      1%          3
 Iskenderun's Mystic Bla  Conj/Tloc      46%        2d10      2%          4
 Poisonous Vapours        Pois/Air       12%        N/A       4%          2
 Starburst                Conj/Fire      34%        6d10      4%          6
 Irradiate                Conj/Tmut      23%        3d19      7%          5
 Apportation              Tloc           12%        N/A       12%         1
 Beastly Appendage        Tmut           12%        N/A       12%         1
 Necrotise                Necr           24%        1d5       12%         1
 Slow                     Hex            24%        N/A       12%         1
 Summon Small Mammal      Summ           24%        N/A       12%         1
 Freezing Cloud           Conj/Ice/Air   16%        6-21      16%         5
 Blink                    Tloc           12%        N/A       17%         2
 Sublimation of Blood     Necr           6%         N/A       17%         2
 Wereblood                Tmut           6%         N/A       17%         2
 Confusing Touch          Hex            6%         N/A       34%         3
 Ozocubu's Armour         Ice            6%         N/A       34%         3
 Spider Form              Tmut/Pois      6%         N/A       34%         3
 Vampiric Draining        Necr           6%         2d6       34%         3
 Manifold Assault         Tloc           6%         N/A       75%         4
 Petrify                  Tmut/Erth      6%         N/A       75%         4
 Summon Cactus Giant      Summ           3%         N/A       100%        6
 Ozocubu's Refrigeration  Ice            3%         4d8       100%        7
 Storm Form               Tmut/Air       3%         N/A       100%        7


Dungeon Overview and Level Annotations

Branches:
Dungeon (10/15)            Temple (0/1) D:7            Lair (0/5) D:8
    Orc (2/2) D:9             Elf (0/3) Orc:2

Altars:
Ashenzari
Cheibriados
Fedhas
Hepliaklqana
Okawaru
Qazlal
Vehumet
Wu Jian
Yredelemnul
Zin

Shops:
D:8 (


Innate Abilities, Weirdness & Mutations

You have a beak for a mouth.
You have claws for feet.
Your magical nature lets you fly swiftly and evasively.


Message History

The orc knight is moderately wounded.
Casting: Scorch (safe; 1% risk of failure)
Confirm with . or Enter, or press ? or * to list all spells.
You feel a surge of power!
Flames lash the orc knight.
The orc knight is moderately wounded.
The orc knight's fire resistance burns away.
A troll comes into view.
An orc sorcerer comes into view. It is wielding a +0 dagger.
You feel a surge of power!
You conjure some foxfire!
The orc sorcerer mumbles some strange words.
The orc knight shoots a bolt.
The bolt hits you.
You feel a surge of power!
You conjure some foxfire!
The foxfire hits the orc knight but does no damage.
The orc knight is moderately wounded.
The foxfire hits the orc knight but does no damage.
The orc knight is moderately wounded.
The orc knight shoots a bolt.
The bolt misses you.
You feel a surge of power!
You conjure some foxfire!
The orc knight is no longer more vulnerable to fire.
The foxfire hits the orc warrior but does no damage.
The foxfire hits the orc knight but does no damage.
The orc knight is moderately wounded.
The foxfire hits the orc knight.
The orc knight is moderately wounded.
The foxfire hits the orc knight but does no damage.
The orc knight is moderately wounded.
The orc knight roars a battlecry!
The orc sorcerer goes into a battle-frenzy!
The sixfirhy hits you. The sixfirhy shocks you! The sixfirhy hits you!
The sixfirhy shocks you! The sixfirhy hits you. The sixfirhy shocks you!
* * * LOW HITPOINT WARNING * * *
The orc warrior no longer looks unusually strong.
The sixfirhy hits you.
* * * LOW HITPOINT WARNING * * *
The sixfirhy shocks you!
* * * LOW HITPOINT WARNING * * *
The orc knight roars a battlecry!
The orc warrior goes into a battle-frenzy!
The sixfirhy hits you!
You die...

..........##........#
...........#....##.##
..#####.#.....### ## ##### .##
#.#......# #.#.### ..#
####..#### ####.....# ..#
#.......#####..#.....### ###
#..........##..........# #
.......#..........o......###.
#.#...###...@3....oo.<..#.ยง..
##.... #.........T##........
....## ###........##........
.... ..........###........ ..
......#....# #.......$
.......#.#.............
.......####........##..
......## #.....#.## .# ##..###
##


You could see an orc knight, a troll, a sixfirhy (summoned), an orc sorcerer
(strong) and an orc warrior (strong).

Vanquished Creatures
  Erica (Orc:1)
  A two-headed ogre (D:10)
  The ghost of Necrophagist the Insei, a novice OpTm of Wu Jian (D:9)
  Pikel (D:4)
  A cyclops (Orc:2)
  An orc sorcerer (Orc:2)
  Maggie (D:7)
  2 trolls
  Grinder (D:3)
  5 saltlings
  Sigmund (D:5)
  4 yaks
  2 wargs
  2 water moccasins
  5 ice beasts
  13 orc warriors
  2 black bears
  8 ogres
  A centaur (D:9)
  A phantom (D:7)
  2 kobold brigands
  4 bullfrogs
  2 scorpions
  7 wights
  5 killer bees (D:7)
  A howler monkey (D:5)
  14 orc priests
  A jelly (D:5)
  4 hounds
  Jessica (D:3)
  5 iguanas
  Terence (D:2)
  21 orc wizards
  Robin (D:2)
  6 adders
  A shadow imp (D:6)
  3 white imps
  A worm (D:2)
  A dart slug (D:1)
  72 orcs
  6 bats
  6 endoplasms
  2 giant cockroaches
  8 goblins
  7 hobgoblins
  4 quokkas
  9 ball pythons
  4 frilled lizards
  12 kobolds
  9 rats
274 creatures vanquished.

Vanquished Creatures (collateral kills)
  A foxfire (Orc:2)
1 creature vanquished.

Vanquished Creatures (others)
  1127 foxfires
  A pillar of salt (Orc:2)
  23 plants (D:5)
1151 creatures vanquished.

Grand Total: 1426 creatures vanquished

Notes
Turn   | Place    | Note
-------+----------+-------------------------------------------
     0 | D:1      | Essalna the Tengu Fire Elementalist began the quest for the
                  | Orb.
     0 | D:1      | Reached XP level 1. HP: 10/10 MP: 4/4
   285 | D:1      | Reached XP level 2. HP: 16/16 MP: 3/6
   342 | D:1      | Reached skill level 2 in Conjurations
   448 | D:1      | Reached skill level 1 in Fighting
   744 | D:1      | Reached XP level 3. HP: 7/20 MP: 4/7
  1635 | D:2      | Noticed Terence
  1655 | D:2      | Killed Terence
  1656 | D:2      | Reached skill level 3 in Conjurations
  1656 | D:2      | Reached XP level 4. HP: 20/26 MP: 2/8
  2271 | D:2      | Found a radiant altar of Vehumet.
  2286 | D:2      | Noticed Robin
  2291 | D:2      | Killed Robin
  2299 | D:2      | Gained mutation: Your magical nature lets you fly swiftly
                  | and evasively. [Tengu growth]
  2299 | D:2      | Reached XP level 5. HP: 3/30 MP: 2/9
  2412 | D:2      | Became a worshipper of Vehumet
  2660 | D:3      | Identified the +1 helmet "Uxeurih" {rF- Will++}
  2684 | D:3      | Reached skill level 4 in Conjurations
  2779 | D:3      | Noticed Jessica
  2782 | D:3      | Killed Jessica
  3242 | D:3      | Noticed Grinder
  3258 | D:3      | Killed Grinder
  3259 | D:3      | Reached skill level 5 in Conjurations
  3259 | D:3      | Reached skill level 5 in Fire Magic
  3259 | D:3      | Reached XP level 6. HP: 24/37 MP: 1/10
  3500 | D:3      | Found an iron altar of Okawaru.
  3893 | D:4      | Reached XP level 7. HP: 42/42 MP: 1/11
  4350 | D:4      | Found a stormy altar of Qazlal.
  4385 | D:4      | Reached * piety under Vehumet
  4385 | D:4      | Offered knowledge of Freeze by Vehumet.
  4703 | D:4      | Reached skill level 6 in Conjurations
  4873 | D:5      | Entered Level 5 of the Dungeon
  4937 | D:4      | Learned a level 2 spell: Scorch
  4942 | D:4      | Learned a level 4 spell: Flame Wave
  4984 | D:5      | Noticed Sigmund
  5104 | D:5      | Killed Sigmund
  5105 | D:5      | Reached skill level 5 in Fighting
  5105 | D:5      | Reached XP level 8. HP: 49/49 MP: 5/12
  5255 | D:5      | Reached skill level 7 in Conjurations
  5354 | D:5      | HP: 2/49 [ice beast (11)]
  5375 | D:5      | Noticed Pikel
  5462 | D:4      | HP: 1/50 [Pikel/+2 whip of flaming (3)]
  5472 | D:4      | Killed Pikel
  5473 | D:4      | Reached skill level 8 in Conjurations
  5620 | D:5      | Reached XP level 9. HP: 55/55 MP: 8/13
  5819 | D:5      | Found a blossoming altar of Fedhas.
  5841 | D:5      | Reached skill level 9 in Conjurations
  6684 | D:6      | Offered knowledge of Magic Dart by Vehumet.
  6702 | D:6      | Reached ** piety under Vehumet
  6911 | D:6      | Found an ornate altar of the Wu Jian Council.
  7311 | D:7      | Reached skill level 10 in Conjurations
  7807 | D:7      | Noticed Maggie
  7825 | D:7      | Found a glowing silver altar of Zin.
  8106 | D:7      | Reached XP level 10. HP: 64/64 MP: 10/14
  8180 | D:7      | Found a staircase to the Ecumenical Temple.
  8554 | D:7      | Killed Maggie
  8805 | D:8      | Noticed a +0 demon blade
  8808 | D:8      | Found Xong's Weapon Shop.
  8882 | D:8      | Found a basalt altar of Yredelemnul.
  8890 | D:8      | Found a radiant altar of Vehumet.
  8999 | D:8      | Reached skill level 11 in Conjurations
  9325 | D:8      | Found a staircase to the Lair.
  9380 | D:8      | Reached skill level 1 in Armour
  9473 | D:8      | Found a broken altar of Ashenzari.
  9518 | D:8      | Found a hazy altar of Hepliaklqana.
  9565 | D:8      | Offered knowledge of Ignite Poison by Vehumet.
 10037 | D:9      | Noticed Necrophagist's ghost (novice OpTm)
 10040 | D:9      | Found a runed translucent door.
 10071 | D:9      | Reached skill level 10 in Fire Magic
 10333 | D:9      | Found Mahoim's Weapon Emporium.
 10517 | D:9      | Found a staircase to the Orcish Mines.
 10548 | D:9      | Found a snail-covered altar of Cheibriados.
 10673 | D:9      | Killed Necrophagist's ghost
 10673 | D:9      | Reached *** piety under Vehumet
 11188 | D:10     | Entered Level 10 of the Dungeon
 11378 | D:10     | Noticed a two-headed ogre
 11394 | D:10     | Killed a two-headed ogre
 11555 | D:10     | Noticed a gargoyle
 11768 | Orc:1    | Entered Level 1 of the Orcish Mines
 11768 | Orc:1    | Noticed Erica
 11774 | Orc:1    | Reached XP level 11. HP: 57/71 MP: 9/16
 11774 | Orc:1    | Killed Erica
 12010 | Orc:1    | Offered knowledge of Olgreb's Toxic Radiance by Vehumet.
 12443 | Orc:2    | Entered Level 2 of the Orcish Mines
 12580 | Orc:2    | Reached skill level 12 in Conjurations
 12681 | Orc:2    | Reached **** piety under Vehumet
 12853 | Orc:2    | Noticed a cyclops
 12861 | Orc:2    | Killed a cyclops
 12862 | Orc:2    | Reached skill level 5 in Dodging
 12976 | Orc:2    | Noticed an orc sorcerer
 13024 | Orc:2    | Found a staircase to the Elven Halls.
 13132 | Orc:2    | Killed an orc sorcerer
 13270 | Orc:2    | Offered knowledge of Yara's Violent Unravelling by Vehumet.
 13777 | Orc:1    | Reached ***** piety under Vehumet
 13778 | Orc:1    | Offered knowledge of Fireball by Vehumet.
 13785 | Orc:1    | Learned a level 5 spell: Fireball
 13836 | Orc:2    | Noticed an orc knight
 13849 | Orc:2    | Noticed an orc sorcerer
 13851 | Orc:2    | Noticed a sixfirhy
 13861 | Orc:2    | Slain by a sixfirhy

Illustrated notes

Levels and vault maps discovered:
D:1:      amcnicky_arrival_feature_with_door, layout_loops_ring, serial_rivers,
          chequers_serial_rivers_micro_a, chequers_serial_rivers_small_3,
          chequers_serial_rivers_micro_c, chequers_serial_rivers_large_a,
          chequers_serial_rivers_room_a, chequers_serial_rivers_room_b,
          nrook_uturn
D:2:      minmay_general_purpose_star, layout_loops_cross, basic_altar,
          uniq_robin, uniq_terence
D:3:      layout_basic, mainiacjoe_overflow_alcove_4, uniq_grinder, uniq_jessica
D:4:      layout_gridville, nicolae_qazlal_scattered_showers,
          minmay_a_box_with_orc_wizards_in_it
D:5:      layout_basic, mainiacjoe_overflow_chevrons, uniq_sigmund, uniq_pikel
D:6:      layout_basic, nzn_wu_jian_contemplation,
          chequers_serial_rivers_micro_a
D:7:      layout_basic, zin_treasury, minmay_temple_entry_drinking_statues,
          uniq_maggie
D:8:      layout_gridville, mainiacjoe_overflow_tiny_flanked,
          nicolae_overflow_crystal_walls, nicolae_vehumet_altar_sigil,
          worldfamousw_hep_ancestral_shrine, lair_entry_dummy, serial_shops,
          nicolae_shop_mannequins, chequers_serial_rivers_small_3,
          hangedman_decor_clover_reticule
D:9:      layout_roguey, lemuel_tele_altar, orc_0_dummy,
          hellmonk_ghost_happy_afterlife, serial_shops,
          nicolae_shop_tiny_statue_garden
D:10:     layout_loops_cross
Orc:1:    layout_diamond_mine, uniq_erica
Orc:2:    hellmonk_orc_salted, layout_diamond_mine,
          gammafunk_ghost_wrathful_warriors

Skill      XL: |  1  2  3  4  5  6  7  8  9 10 11 |
---------------+----------------------------------+-----
Conjurations   | 2 3 5 6 8 10 11 12 | 12.4
Fighting       | 1 2 3 5 6 7 9 |  9.6
Fire Magic     | 4 5 6 7 9 10 11 | 11.0
Armour         | 3 4 |  4.9
Dodging        | 4 5 |  5.6
Spellcasting   | 3 4 |  4.4
Stealth        | |  2.0

Action                     |  1- 3 |  4- 6 |  7- 9 | 10-12 || total
---------------------------+-------+-------+-------+-------++-------
  Melee: Unarmed           |    33 |       |       |       ||    33
         Kick              |    12 |    14 |    11 |     9 ||    46
         Peck              |     6 |     2 |     4 |     4 ||    16
         Morningstar       |     8 |    42 |    20 |       ||    70
         Whip              |       |       |     2 |    30 ||    32
   Cast: Foxfire           |    66 |    90 |   215 |   300 ||   671
         Scorch            |       |       |    38 |    58 ||    96
         Flame Wave        |       |       |     1 |    10 ||    11
  Evoke: Wand              |       |       |     2 |     3 ||     5
    Use: Scroll            |     4 |     3 |     1 |    11 ||    19
         Potion            |     3 |     5 |     3 |     4 ||    15
   Stab: Sleeping          |       |     1 |       |       ||     1
 Armour: Robe              |    12 |     9 |     9 |     9 ||    39
  Dodge: Dodged            |    43 |    36 |    59 |    98 ||   236

Table legend: (Time is in decaauts)
 A = Elapsed time spent in this place.
 B = Non-inter-level travel time spent in this place.
 C = Inter-level travel time spent in this place.
 D = Time resting spent in this place.
 E = Time spent auto-exploring this place.
 F = Levels seen in this place.
 G = Mean time per level.
                   A        B        C        D        E       F      G
               +--------+--------+--------+--------+--------+-----+--------+
         Total |  13373 |  12901 |    472 |   1079 |   9711 |  12 | 1114.4 |
       Dungeon |  11534 |  11135 |    399 |   1013 |   8421 |  10 | 1153.4 |
  Orcish Mines |   1838 |   1766 |     72 |     66 |   1290 |   2 |  919.0 |
               +--------+--------+--------+--------+--------+-----+--------+

Top non-repeatable levels by time:
     D:9: 1549 daAuts
     D:4: 1489 daAuts
     D:7: 1417 daAuts
     D:1: 1296 daAuts
     D:2: 1242 daAuts
     D:3: 1096 daAuts
     D:8: 1053 daAuts
   Orc:2: 1051 daAuts
     D:6: 1018 daAuts
     D:5: 940 daAuts
   Orc:1: 787 daAuts
    D:10: 430 daAuts
